 Dungeon Crawl Stone Soup version 0.24-a0-335-g06ca16a (webtiles) character file.

Game seed: 15082981494652847498

443 robertstho the Chopper (level 7, 0/60 HPs)
             Began as a Hill Orc Fighter on May 18, 2019.
             Was an Initiate of Nemelex Xobeh.
             Slain by a killer bee (5 damage)
             ... summoned by the player character
             ... in an ossuary.
             The game lasted 00:09:24 (3463 turns).

robertstho the Chopper (Hill Orc Fighter)           Turns: 3463, Time: 00:09:25

Health: 0/60       AC:  7    Str: 21    XL:     7   Next: 2%
Magic:  0/8        EV: 15    Int:  8    God:    Nemelex Xobeh [......]
Gold:   221        SH:  0    Dex: 15    Spells: 6/6 levels left

rFire    . . .     SeeInvis .   r - +2 halberd (protect)
rCold    . . .     Gourm    .   (shield currently unavailable)
rNeg     . . .     Faith    .   b - +0 scale mail
rPois    .         Spirit   +   (no helmet)
rElec    .         Reflect  .   g - scarf {Spirit}
rCorr    .         Harm     .   (no gloves)
MR       .....                  (no boots)
Stlth    +.........             (no amulet)
HPRegen  0.20/turn              (no ring)
MPRegen  0.11/turn              (no ring)

@: agile, lethally poisoned (0 -> -6), hasted, very quick
A: no striking features
a: Draw Escape, Draw Destruction, Draw Summoning, Renounce Religion


You were in an ossuary.
You worshipped Nemelex Xobeh.
Nemelex Xobeh was noncommittal.
You were not hungry.

You visited 1 branch of the dungeon, and saw 4 of its levels.
You also visited: Ossuary.

You collected 221 gold pieces.

Inventory:

Hand Weapons
 a - a +0 war axe
 p - a +1 spear of flaming
 r - a +2 halberd of protection (weapon)
Missiles
 m - 7 boomerangs (quivered)
Armour
 b - a +0 scale mail (worn)
 c - a +0 shield
 g - a scarf of spirit shield (worn)
Jewellery
 k - an uncursed amulet of rage {unknown}
Wands
 u - a wand of polymorph (15)
Scrolls
 e - a scroll of immolation {unknown}
 i - a scroll of teleportation {unknown}
 j - 2 scrolls of remove curse
 l - a scroll of amnesia {unknown}
 o - 6 scrolls of identify {unknown}
 q - a scroll of blinking {unknown}
Potions
 d - 2 potions of might
 n - a potion of mutation {unknown}
 s - a potion of curing {unknown}
 t - a potion of lignification {unknown}
 v - a potion of flight {unknown}
Comestibles
 f - 6 rations


   Skills:
 + Level 4.7 Fighting
 + Level 4.8(5.5) Axes
 + Level 3.2(4.2) Polearms
 + Level 4.5 Armour
 + Level 1.2 Dodging
 - Level 0.1 Stealth
 + Level 4.5 Shields
 * Level 1.5 Invocations


You had 6 spell levels left.
You didn't know any spells.
Your spell library contained the following spells:

 Spells                   Type           Power        Failure   Level  Hunger
 Flame Tongue             Conj/Fire      #....        75%         1    ##.....
 Cause Fear               Hex            #.........   100%        4    #####..
 Bolt of Fire             Conj/Fire      #.........   100%        6    #######
 Dragon Form              Tmut           #.........   100%        7    #######
 Dragon's Call            Summ           #.........   100%        9    #######


Dungeon Overview and Level Annotations

Branches:
Dungeon (4/15)
 Temple: D:4-7

Altars:
Cheibriados
Elyvilon
Hepliaklqana
Nemelex Xobeh
Xom
Zin
The Shining One


Message History

The killer bee stings you.
* * * LOW HITPOINT WARNING * * *
You are more poisoned.
The killer bee poisons you!
Your killer bee closely misses the killer bee.
You feel sick.
It was a potion of agility.
You feel agile all of a sudden.
You feel sick.
The killer bee stings you but does no damage.
Your killer bee completely misses the wraith.
You draw a card...
You have drawn the Tomb.
Walls emerge from the floor!
The killer bee stings you.
* * * LOW HITPOINT WARNING * * *
Your killer bee stings the wraith!
The wraith hits your killer bee!
The wraith drains your killer bee's vigour!
Your killer bee seems to slow down.
The killer bee stings you!
You die...
Your body disappears without a glow.

#############
#yW.W........
#.'##y###.##
#.#.#y#z#.# #
#.###@###.###.#
#...###.......#
#.............#
#.###.....###
#.#z#.....# #
#.###.....###.#
#.............#
#.............#
#.###.###.###.#


You could see a wraith, a killer bee and a friendly killer bee.

Vanquished Creatures
  A wight (Ossuary)
  A howler monkey (D:2)
  A centaur zombie (Ossuary)
  2 orc priests
  2 orc wizards
  Jessica (D:3)
  5 gnolls
  4 adders
  2 worms (D:2)
  4 dart slugs
  A leopard gecko (D:2)
  8 orcs
  A ball python (D:1)
  7 giant cockroaches
  2 goblins
  6 hobgoblins
  2 quokkas (D:3)
  3 ball python skeletons (Ossuary)
  13 bats
  6 frilled lizards
  2 hobgoblin skeletons (Ossuary)
  A hobgoblin zombie (Ossuary)
  6 kobolds
  2 kobold zombies (Ossuary)
  11 rats
94 creatures vanquished.

Notes
Turn   | Place    | Note
-------+----------+-------------------------------------------
     0 | D:1      | robertstho the Hill Orc Fighter began the quest for the
                  | Orb.
     0 | D:1      | Reached XP level 1. HP: 19/19 MP: 1/1
   225 | D:1      | Reached XP level 2. HP: 26/27 MP: 2/2
   582 | D:1      | Reached XP level 3. HP: 33/33 MP: 3/3
   763 | D:2      | Reached XP level 4. HP: 39/40 MP: 4/4
   797 | D:2      | HP: 2/40 [gnoll/+1 spear of flaming (1)]
  1412 | D:2      | Reached skill level 1 in Dodging
  1734 | D:2      | Found a sparkling altar of Nemelex Xobeh.
  1737 | D:2      | Found a hazy altar of Hepliaklqana.
  1738 | D:2      | Found a white marble altar of Elyvilon.
  1738 | D:2      | Found a snail-covered altar of Cheibriados.
  1740 | D:2      | Found a shimmering altar of Xom.
  1742 | D:2      | Found a glowing golden altar of the Shining One.
  1772 | D:2      | Reached XP level 5. HP: 41/46 MP: 5/5
  1948 | D:3      | Found a glowing silver altar of Zin.
  2335 | D:3      | Noticed Jessica
  2343 | D:3      | Killed Jessica
  2411 | D:3      | Reached skill level 1 in Polearms
  2411 | D:3      | Reached XP level 6. HP: 20/53 MP: 4/6
  3003 | D:2      | Became a worshipper of Nemelex Xobeh the Trickster
  3174 | D:4      | Received a gift from Nemelex Xobeh
  3300 | D:4      | Found a sand-covered staircase.
  3305 | Ossuary  | Entered an ossuary
  3370 | Ossuary  | Reached skill level 1 in Invocations
  3385 | Ossuary  | Reached XP level 7. HP: 57/60 MP: 6/8
  3407 | Ossuary  | Noticed a wraith
  3407 | Ossuary  | Noticed a flying skull
  3440 | Ossuary  | Noticed a flying skull
  3447 | Ossuary  | Noticed a flying skull
  3448 | Ossuary  | Noticed a wraith
  3463 | Ossuary  | Slain by a killer bee

Levels and vault maps discovered:
D:1:      dpeg_arrival_ratfight, layout_loops_ring, minmay_crystal_room,
          minmay_tetromino_t4
D:2:      layout_basic, minitemple
D:3:      layout_loops_ring, nicolae_overflow_crystal_walls, uniq_jessica
D:4:      layout_rooms, nicolae_ru_awakened_eye, tgw_trog, serial_shops, shop,
          enter_ossuary_5, minmay_misc_feat_nine_boxes, dk_rats_in_the_wall,
          uniq_natasha
Ossuary:  ossuary_due_cavern

Skill      XL: |  1  2  3  4  5  6 |
---------------+-------------------+-----
Axes           | 3 4 |  4.8
Fighting       | 4 |  4.7
Dodging        | 1 |  1.2
Shields        | 4 |  4.5
Armour         | 4 |  4.5
Polearms       | 1 3 |  3.2
Invocations    | 1 |  1.5
Stealth        | |  0.1

Action                   |  1- 3 |  4- 6 |  7- 9 || total
-------------------------+-------+-------+-------++-------
Melee: War axe           |    89 |    69 |       ||   158
       Spear             |       |    86 |       ||    86
       Halberd           |       |    99 |     6 ||   105
 Abil: Draw Escape       |       |       |     1 ||     1
       Draw Summoning    |       |       |     1 ||     1
  Use: Potion            |       |     4 |     2 ||     6
       Scroll            |       |     1 |       ||     1
  Eat: Chunk             |       |     8 |     1 ||     9
Armor: Scale mail        |    36 |    99 |     7 ||   142
Dodge: Dodged            |    23 |    83 |     6 ||   112
Block: Shield            |    48 |    88 |       ||   136

Table legend:
 A = Non-vault XP
 B = Vault XP
 C = Vault XP percentage of total XP
 D = Non-vault monster count
 E = Vault monster count
 F = Vault count percentage of total count
                 A         B        C        D         E       F
            +---------+---------+-------+---------+---------+-------
      Total |     476 |     158 |  24.9 |      76 |      18 |  19.1
            +---------+---------+-------+---------+---------+-------
        D:1 |      27 |       7 |  20.6 |      19 |       7 |  26.9
        D:2 |     134 |       0 |   0.0 |      19 |       0 |   0.0
        D:3 |     229 |      37 |  13.9 |      35 |       1 |   2.8
        D:4 |      86 |       0 |   0.0 |       3 |       0 |   0.0
    Ossuary |       0 |     114 | 100.0 |       0 |      10 | 100.0
            +---------+---------+-------+---------+---------+-------
